AoeStats
← old f1sh

Hideout

509059882Analyzed
1v1 RM · 6d ago on Sep 25, 2026· 28m 56s· 2 players
Game mode
Random Map
Map size
Tiny (2 player)
Population
200
Speed
Normal
Resources
Standard
Victory
Conquest
Starting age
Dark Age
Ending age
Imperial Age
RankedLock teamsTeams togetherTeam positionsShared explorationLock speedFull tech treeHidden civsTurbo modeCheats
Victory
Defeat
🇨🇳 Jurchens · China
1635
+13
🇨🇳 Japanese · China
1572
-13
1920343014
10:02 Feudal Age
14:07 Castle Age
12:28 Double-Bit Axe
13:26 Horse Collar
15:00 Bow Saw
17:06 Fletching
18:30 Gold Mining
20:49 Ballistics
20:46 Forging
21:17 Bodkin Arrow
26:37 Bloodlines
old f1sh
8:35 Feudal Age
9:26 Double-Bit Axe
16:20 Castle Age
15:28 Horse Collar
15:39 Gold Mining
17:25 Bow Saw
17:16 Heavy Plow
18:41 Padded Archer Armor
29:15 Leather Archer Armor
Connection lost

Rejoining the realm…

Still unreachable

The connection could not be restored.

Session expired

The server has moved on; the page needs a fresh start.